[Event "Early Titled Tuesday Blitz | February 8 2022"]
[White "Iljin, Timofey"]
[Black "Bruned, Yvain"]
[WhiteFideId "14110180"]
[BlackFideId "2250292"]
[WhiteElo "2396"]
[BlackElo "2073"]
[Result "1-0"]
[Round "07"]
[TimeControl "180+1"]
[Date "2022.02.08"]
[WhiteClock "0:02:49"]
[BlackClock "0:02:45"]

1. d4 b6 2. e4 Bb7 3. Bd3 e6 4. Nf3 d5 5. exd5 Qxd5 6. O-O Nf6 7. c4 Qd8 8. Nc3 Be7 9. Re1 O-O 10. Bf4 a6 11. Qe2 Re8 12. Rad1 Nbd7 13. Ng5 h6 14. Nxf7 Kxf7 15. Qxe6+ Kf8 16. Bg6 1-0


[Site "https://www.chess.com"]

[Event "Early Titled Tuesday Blitz | February 8 2022"]
[White "Indjic, Aleksandar"]
[Black "Williams, Simon K"]
[WhiteFideId "911925"]
[BlackFideId "404454"]
[WhiteElo "2616"]
[BlackElo "2468"]
[Result "1-0"]
[Round "07"]
[TimeControl "180+1"]
[Date "2022.02.08"]
[WhiteClock "0:01:26"]
[BlackClock "0:00:13"]

1. d4 e6 2. Nf3 f5 3. h3 Nf6 4. g4 b5 5. Bf4 Bb7 6. gxf5 exf5 7. e3 a6 8. Nbd2 Be7 9. Bd3 Ne4 10. Bxe4 fxe4 11. Ne5 O-O 12. Qg4 Bf6 13. Rg1 Qe7 14. Qh5 c5 15. dxc5 Qxc5 16. O-O-O Bd5 17. Ng4 Bxb2+ 18. Kxb2 Rc8 19. Nf6+ Kf8 20. Nxd5 Qxc2+ 21. Ka1 1-0


[Site "https://www.chess.com"]

[Event "Early Titled Tuesday Blitz | February 8 2022"]
[White "Jaferian, Koosha"]
[Black "Demchenko, Anton"]
[WhiteFideId "12507440"]
[BlackFideId "4160258"]
[WhiteElo "2027"]
[BlackElo "2539"]
[Result "0-1"]
[Round "07"]
[TimeControl "180+1"]
[Date "2022.02.08"]
[WhiteClock "0:00:01"]
[BlackClock "0:00:14"]

1. Nf3 Nf6 2. b3 g6 3. Bb2 Bg7 4. g3 d6 5. d4 b5 6. Bg2 Bb7 7. O-O O-O 8. c4 bxc4 9. bxc4 Nbd7 10. Nbd2 Rb8 11. Rb1 Ne4 12. e3 Nb6 13. Qc2 Nxd2 14. Nxd2 Bxg2 15. Kxg2 Qd7 16. Kg1 Qc6 17. Rfc1 e6 18. Ba3 Nd7 19. Rxb8 Rxb8 20. Rb1 Rb6 21. Rb3 h6 22. h3 Qa4 23. Qb2 c5 24. Rxb6 Qd1+ 25. Kg2 Nxb6 26. Qc3 Qe2 27. Qa5 cxd4 28. Nf1 dxe3 29. Nxe3 Bd4 30. Bc1 Nxc4 31. Qd8+ Kh7 32. Qd7 Kg7 33. Ng4 g5 34. h4 Qxg4 35. hxg5 hxg5 36. Qc8 Qe4+ 37. Kh2 Qc2 38. Bxg5 Qxf2+ 39. Kh3 Qf1+ 40. Kg4 Ne5+ 41. Kh5 Qf3+ 0-1


[Site "https://www.chess.com"]

[Event "Early Titled Tuesday Blitz | February 8 2022"]
[White "Jaivardhan Raj"]
[Black "Turzo, Attila"]
[WhiteFideId "25744437"]
[BlackFideId "704954"]
[WhiteElo "1375"]
[BlackElo "2486"]
[Result "1-0"]
[Round "07"]
[TimeControl "180+1"]
[Date "2022.02.08"]
[WhiteClock "0:00:27"]
[BlackClock "0:00:20"]

1. e4 c5 2. Nf3 e6 3. d4 cxd4 4. Nxd4 Nc6 5. Nc3 Qc7 6. Be3 a6 7. f3 b5 8. Qd2 Bb7 9. O-O-O Rc8 10. Kb1 Nf6 11. g4 h6 12. h4 b4 13. Nce2 d5 14. Nxc6 Bxc6 15. Nd4 Bb7 16. e5 Nd7 17. f4 h5 18. g5 g6 19. Bd3 Nc5 20. Rhf1 Be7 21. Be2 Ne4 22. Qe1 Rb8 23. Bd3 Nc5 24. Qd2 O-O 25. Ne2 Rfc8 26. Rc1 a5 27. Ng3 a4 28. Bxc5 Qxc5 29. f5 exf5 30. Nxh5 gxh5 31. Bxf5 Rc6 32. g6 fxg6 33. Qh6 Bf8 34. Qg5 Qe7 35. Qg2 Kh7 36. Bd3 Bh6 37. Rce1 Bc8 38. Qg3 Bg4 39. e6 Rbc8 40. Rf7+ Qxf7 41. exf7 Rf8 42. Rf1 a3 43. b3 Re6 44. Qf2 Bg7 45. Qc5 Bc3 46. Qxf8 1-0


[Site "https://www.chess.com"]

[Event "Early Titled Tuesday Blitz | February 8 2022"]
[White "Jakubowski, Krzysztof"]
[Black "Bugayev, Vladimir"]
[WhiteFideId "1112848"]
[BlackFideId "30901480"]
[WhiteElo "2365"]
[BlackElo "2376"]
[Result "1-0"]
[Round "07"]
[TimeControl "180+1"]
[Date "2022.02.08"]
[WhiteClock "0:00:33"]
[BlackClock "0:00:11"]

1. e4 c6 2. d4 d5 3. e5 Bf5 4. Nf3 e6 5. Be2 Ne7 6. O-O Nd7 7. Nbd2 a6 8. a4 Nc8 9. a5 Be7 10. Nb3 Na7 11. Be3 O-O 12. c4 dxc4 13. Bxc4 Nb5 14. h3 Be4 15. Nfd2 Bd5 16. Qe2 Nc7 17. f4 g6 18. Rad1 f5 19. exf6 Nxf6 20. Bf2 Bb4 21. Nc5 Rb8 22. Ndb3 Qd6 23. g3 Bxc4 24. Qxc4 Nfd5 25. Qe2 h5 26. h4 b6 27. axb6 Rxb6 28. Ne4 Qe7 29. Ng5 Qf6 30. Rd3 Nb5 31. Rc1 a5 32. Nc5 Nd6 33. Nd7 Qd8 34. Qxe6+ Nf7 35. Qxg6+ Kh8 36. Qh7# 1-0


[Site "https://www.chess.com"]

[Event "Early Titled Tuesday Blitz | February 8 2022"]
[White "Jaracz, Pawel"]
[Black "Grandelius, Nils"]
[WhiteFideId "1102222"]
[BlackFideId "1710400"]
[WhiteElo "2429"]
[BlackElo "2617"]
[Result "0-1"]
[Round "07"]
[TimeControl "180+1"]
[Date "2022.02.08"]
[WhiteClock "0:00:07"]
[BlackClock "0:00:15"]

1. e4 c5 2. Nf3 e6 3. d4 cxd4 4. Nxd4 a6 5. Bd3 Nf6 6. O-O d6 7. c4 b6 8. Nc3 Bb7 9. f4 Nbd7 10. f5 Nc5 11. fxe6 fxe6 12. b4 Nxd3 13. Qxd3 Qd7 14. Bg5 Be7 15. Qh3 Bc8 16. Rad1 O-O 17. c5 bxc5 18. bxc5 h6 19. cxd6 Qxd6 20. Be3 Qe5 21. Nc6 Qc7 22. Nxe7+ Qxe7 23. Qg3 Kh8 24. e5 Nh7 25. Ne4 Bb7 26. Nd6 Bd5 27. Bc5 Qc7 28. Qe3 Kg8 29. Rxf8+ Rxf8 30. a3 Ng5 31. h3 Qc6 32. Rd2 Rb8 33. Kh2 Rb1 34. Rf2 Qa8 35. h4 Nh7 36. Qf4 Rb8 37. Qg4 Rf8 38. Rf4 Rxf4 39. Qxf4 Qf8 40. Qxf8+ Nxf8 41. Ne8 Ng6 42. Bd4 Nxh4 43. Nc7 Bc4 44. Kg3 Nf5+ 0-1


[Site "https://www.chess.com"]

[Event "Early Titled Tuesday Blitz | February 8 2022"]
[White "Jones, Gawain C B"]
[Black "Agibileg, Uurtsaikh"]
[WhiteFideId "409561"]
[BlackFideId "4901606"]
[WhiteElo "2657"]
[BlackElo "2205"]
[Result "1-0"]
[Round "07"]
[TimeControl "180+1"]
[Date "2022.02.08"]
[WhiteClock "0:00:20"]
[BlackClock "0:00:02"]

1. Nf3 Nf6 2. g3 g6 3. b3 Bg7 4. Bb2 c5 5. Bg2 d6 6. O-O e5 7. c4 O-O 8. e3 Nc6 9. h3 Be6 10. Nc3 h6 11. d4 cxd4 12. exd4 e4 13. Nd2 d5 14. cxd5 Bxd5 15. Ndxe4 Nxe4 16. Nxe4 Re8 17. Re1 Bxe4 18. Rxe4 Rxe4 19. Bxe4 Nxd4 20. Bxb7 Rb8 21. Bg2 Rb6 22. Rb1 Rd6 23. Qf1 Qa5 24. a3 Qd2 25. Kh1 Rf6 26. Qd1 Rxf2 27. Qxd2 Rxd2 28. b4 Rd3 29. Re1 Rxg3 30. Re8+ Kh7 31. Re7 Kg8 32. a4 Rb3 33. Bxd4 Bxd4 34. Bd5 Rb1+ 35. Kg2 Rxb4 36. Rxf7 Kh8 37. Rf8+ Kh7 38. Bc6 g5 39. Rd8 Kg6 40. Rd5 Kf6 41. Rd6+ Ke5 42. Rxh6 Kf4 43. Kf1 Rb2 44. Re6 Be3 45. Re4+ Kf3 46. Rb4+ Kg3 47. Rxb2 Bf4 48. Rb3+ 1-0


[Site "https://www.chess.com"]

[Event "Early Titled Tuesday Blitz | February 8 2022"]
[White "Jumabayev, Rinat"]
[Black "Grischuk, Alexander"]
[WhiteFideId "13702661"]
[BlackFideId "4126025"]
[WhiteElo "2561"]
[BlackElo "2762"]
[Result "1-0"]
[Round "07"]
[TimeControl "180+1"]
[Date "2022.02.08"]
[WhiteClock "0:00:04"]
[BlackClock "0:00:02"]

1. d4 Nf6 2. Nf3 g6 3. Bf4 Bg7 4. e3 O-O 5. Be2 c5 6. Nbd2 d6 7. h3 cxd4 8. exd4 Nc6 9. Nc4 Nd5 10. Bh2 b5 11. Ncd2 Qb6 12. c3 e5 13. dxe5 dxe5 14. O-O Rd8 15. Re1 e4 16. Nxe4 Nxc3 17. Qc2 Nb4 18. Qb3 Nxe4 19. Qxb4 Nxf2 20. Qxb5 Nxh3+ 21. Kh1 Nf2+ 22. Kg1 Ng4+ 23. Qxb6 axb6 24. Bc7 Re8 25. Bc4 Be6 26. Bxe6 Rxe6 27. Rxe6 fxe6 28. Bxb6 Bxb2 29. Re1 e5 30. Re4 h5 31. a4 Nf6 32. Rc4 Nd5 33. a5 Nxb6 34. axb6 Rb8 35. Rc6 e4 36. Ng5 Bd4+ 37. Kf1 1-0


[Site "https://www.chess.com"]

[Event "Early Titled Tuesday Blitz | February 8 2022"]
[White "Kanyamarala, Tarun"]
[Black "Mosutha, Thuso"]
[WhiteFideId "45004714"]
[BlackFideId "11302550"]
[WhiteElo "2144"]
[BlackElo "2028"]
[Result "1-0"]
[Round "07"]
[TimeControl "180+1"]
[Date "2022.02.08"]
[WhiteClock "0:00:23"]
[BlackClock "0:00:14"]

1. d4 d5 2. c4 e6 3. Nc3 Nf6 4. cxd5 exd5 5. Bg5 Be7 6. e3 O-O 7. h3 h6 8. Bf4 a6 9. Bd3 c5 10. dxc5 Bxc5 11. Nf3 Nc6 12. O-O Kh8 13. Rc1 Ba7 14. Ne2 d4 15. Nexd4 Nxd4 16. exd4 Bxd4 17. Nxd4 Qxd4 18. Qd2 Ne4 19. Qe3 Qxe3 20. Bxe3 Nf6 21. Bc4 b5 22. Bb3 Bf5 23. Bc5 Rfc8 24. Bxf7 Rc7 25. Bb3 Rac8 26. Be3 Bd3 27. Rxc7 Rxc7 28. Rd1 Bc4 29. Rc1 Nd5 30. Bxc4 bxc4 31. Bd4 Nf4 32. Kf1 Nd3 33. Rc2 Nb4 34. Rc1 Nxa2 35. Ra1 Nb4 36. Bc3 Nd3 37. Rxa6 Rf7 38. f3 Rb7 39. Rxh6+ Kg8 40. Rc6 Nxb2 41. Bxb2 Rxb2 42. Rxc4 Kf7 43. Kg1 Kf6 44. Kh2 Kg6 45. Kg3 Kh6 46. Rc6+ g6 47. h4 Kh5 48. Kh3 Kh6 49. g4 Rb7 50. h5 Kg5 51. Kg3 gxh5 52. f4# 1-0


[Site "https://www.chess.com"]

[Event "Early Titled Tuesday Blitz | February 8 2022"]
[White "Kanyamarala, Trisha"]
[Black "Khripachenko, Alexander"]
[WhiteFideId "45004722"]
[BlackFideId "54184975"]
[WhiteElo "2002"]
[BlackElo "2177"]
[Result "0-1"]
[Round "07"]
[TimeControl "180+1"]
[Date "2022.02.08"]
[WhiteClock "0:00:01"]
[BlackClock "0:01:27"]

1. d4 Nf6 2. c4 g6 3. Nc3 d5 4. cxd5 Nxd5 5. e4 Nxc3 6. bxc3 Bg7 7. Nf3 c5 8. Be3 O-O 9. Be2 Qa5 10. O-O Rd8 11. Rc1 Bg4 12. Qb3 b6 13. Ng5 Bxe2 14. Qxf7+ Kh8 15. Rfe1 Bg4 16. Qxe7 Nc6 17. Qc7 cxd4 18. Nf7+ Kg8 19. Nxd8 Rxd8 20. Qxc6 dxe3 21. Qc4+ Kh8 22. fxe3 Qe5 23. h3 Be6 24. Qc6 h5 25. Rcd1 Rc8 26. Qb7 Rc7 27. Qb8+ Kh7 28. Qd8 Rf7 29. Qh4 Bf6 30. Qf2 Bg5 31. Qe2 Qg3 32. Rd4 Bxh3 33. Red1 Bxe3+ 34. Kh1 Rf2 35. gxh3 Qh2# 0-1


[Site "https://www.chess.com"]

[Event "Early Titled Tuesday Blitz | February 8 2022"]
[White "Karavaeva, Olga"]
[Black "Iljushina, Olga"]
[WhiteFideId "4124111"]
[BlackFideId "4152280"]
[WhiteElo "2105"]
[BlackElo "1937"]
[Result "1-0"]
[Round "07"]
[TimeControl "180+1"]
[Date "2022.02.08"]
[WhiteClock "0:00:17"]
[BlackClock "0:00:01"]

1. c4 c5 2. Nc3 Nc6 3. g3 g6 4. Bg2 Bg7 5. Nf3 e5 6. O-O e4 7. Nxe4 d5 8. cxd5 Qxd5 9. Nc3 Qd8 10. d3 Nge7 11. Be3 b6 12. Qd2 O-O 13. Bh6 Bf5 14. Bxg7 Kxg7 15. Rfd1 Rc8 16. d4 cxd4 17. Nxd4 Nxd4 18. Qxd4+ Qxd4 19. Rxd4 Nc6 20. Rd6 Nb4 21. Rad1 Rfe8 22. e4 Be6 23. a3 Nc6 24. f4 Na5 25. Bf1 Bb3 26. R1d4 Re7 27. Rd7 Rc7 28. Rxc7 Rxc7 29. e5 Bc4 30. Bg2 Ba6 31. Bd5 Rd7 32. Ra4 Bd3 33. e6 fxe6 34. Bxe6 Rd6 35. Bc8 Bc2 36. Rb4 Rd2 37. h4 Nc6 38. Rc4 Nd4 39. Bb7 Bb3 40. Rc7+ Kh6 41. Ne4 Rxb2 42. Ng5 Bg8 43. g4 Rb3 44. Bd5 Rg3+ 45. Kh2 Rxg4 46. Bxg8 Rxh4+ 47. Nh3 Kh5 48. Rxh7+ Kg4 49. Rxh4+ Kxh4 50. Kg2 Kg4 51. Bc4 b5 52. Bd3 Kh4 53. Nf2 Nf5 54. Ne4 Ne3+ 55. Kf3 Nd5 56. Nd6 Nc3 57. Bxg6 1-0


[Site "https://www.chess.com"]

[Event "Early Titled Tuesday Blitz | February 8 2022"]
[White "Kett, Tim"]
[Black "Avazkhonov, Alikhon"]
[WhiteFideId "1801210"]
[BlackFideId "14208504"]
[WhiteElo "2098"]
[BlackElo "1739"]
[Result "0-1"]
[Round "07"]
[TimeControl "180+1"]
[Date "2022.02.08"]
[WhiteClock "0:00:01"]
[BlackClock "0:00:42"]

1. e4 c5 2. Nf3 d6 3. d4 cxd4 4. Nxd4 Nf6 5. Nc3 a6 6. Bc4 e6 7. O-O Be7 8. f4 O-O 9. e5 dxe5 10. fxe5 Nfd7 11. Be3 Nxe5 12. Bb3 Nbc6 13. Nxc6 Nxc6 14. Qh5 Qa5 15. Qf3 Bc5 16. Rae1 Nd4 17. Qg4 Nf5 18. Bxc5 Qxc5+ 19. Kh1 Ne3 20. Rxe3 Qxe3 21. Qh4 b5 22. Ne4 Bb7 23. Re1 Qh6 24. Qxh6 gxh6 25. Nf6+ Kh8 26. h3 Rad8 27. Ng4 Rd2 28. Rg1 Rg8 29. Nxh6 Bxg2+ 0-1


[Site "https://www.chess.com"]

[Event "Early Titled Tuesday Blitz | February 8 2022"]
[White "Khamzin, Olzhas"]
[Black "Hoffmann, Asa"]
[WhiteFideId "13701690"]
[BlackFideId "2001470"]
[WhiteElo "2194"]
[BlackElo "2117"]
[Result "1-0"]
[Round "07"]
[TimeControl "180+1"]
[Date "2022.02.08"]
[WhiteClock "0:00:25"]
[BlackClock "0:00:05"]

1. d4 Nf6 2. Nc3 d6 3. Bg5 Nbd7 4. e4 e5 5. Bc4 Be7 6. Nge2 c6 7. a4 Nxe4 8. Bxe7 Qxe7 9. Bxf7+ Kxf7 10. Nxe4 d5 11. N4g3 e4 12. O-O Rf8 13. Qd2 Kg8 14. Rae1 Nf6 15. c4 a5 16. Nc3 Be6 17. f3 exf3 18. Rxf3 Qd7 19. c5 Rae8 20. h3 Qc7 21. Rfe3 Bd7 22. Rxe8 Rxe8 23. Rxe8+ Bxe8 24. Nf5 Bg6 25. Nd6 b6 26. Qe3 bxc5 27. dxc5 Qd7 28. Qe5 h6 29. Ne2 Ne4 30. Nf4 Nxd6 31. cxd6 Bf7 32. Kh2 Kf8 33. g3 Qe8 34. Nd3 Bg6 35. Qxe8+ Kxe8 36. Ne5 Bc2 37. Nxc6 Kd7 38. Nxa5 Bxa4 39. Nb7 Bc6 40. Nc5+ Kxd6 41. Nd3 d4 42. Kg1 Be4 43. Nf4 Kc5 44. Kf2 Kb4 45. Ne6 d3 46. Ke3 Bf5 47. Nxg7 Bxh3 48. Kxd3 Kb3 49. Ke3 Kxb2 50. Kf4 Kc3 51. Nh5 Kd4 52. Nf6 Kc5 53. Ng8 h5 54. Nf6 Kd6 55. Nxh5 Ke6 56. Kg5 Kf7 57. Nf4 Bd7 58. Nd3 Bc8 59. Ne5+ Kg7 60. Nf3 Be6 61. Nh4 Bd7 62. Nf5+ Kg8 63. g4 Bc8 64. Kf6 Kf8 65. Kg6 Kg8 66. Nh6+ Kf8 67. g5 Bd7 68. Kf6 Be8 69. Nf5 Bh5 70. Ng3 Be8 71. Ne4 Bh5 72. Nc5 Be8 73. Ne6+ Kg8 74. Nf4 Kf8 75. Ne6+ Kg8 76. Ke7 Bh5 77. Nf4 Bg4 78. Kf6 Kh7 79. g6+ Kg8 80. Nd5 Bh5 81. Ne7+ Kh8 82. g7+ 1-0


[Site "https://www.chess.com"]

[Event "Early Titled Tuesday Blitz | February 8 2022"]
[White "Kostina, Nadezhda"]
[Black "Novikova, Galina"]
[WhiteFideId "4195876"]
[BlackFideId "4157095"]
[WhiteElo "2001"]
[BlackElo "1863"]
[Result "1-0"]
[Round "07"]
[TimeControl "180+1"]
[Date "2022.02.08"]
[WhiteClock "0:01:40"]
[BlackClock "0:01:40"]

1. e4 e6 2. d4 d5 3. Nc3 Bb4 4. e5 c5 5. a3 Bxc3+ 6. bxc3 Ne7 7. Qg4 Qa5 8. Bd2 Qa4 9. Qd1 cxd4 10. Qb1 dxc3 11. Bb5+ Qxb5 12. Qxb5+ Bd7 13. Qxb7 cxd2+ 14. Kxd2 Bc6 15. Qc7 Nd7 16. Nf3 Rc8 17. Qa5 O-O 18. Rab1 Nb6 19. Ke2 Nf5 20. g4 Ne7 21. Qxa7 Nc4 22. Qxe7 Nxa3 23. Qxa3 Bb5+ 24. Kd2 Rc4 25. Rxb5 1-0


[Site "https://www.chess.com"]

[Event "Early Titled Tuesday Blitz | February 8 2022"]
[White "Kiseleva, Arina"]
[Black "Jakubowska, Anna"]
[WhiteFideId "4164989"]
[BlackFideId "1121952"]
[WhiteElo "1866"]
[BlackElo "1924"]
[Result "0-1"]
[Round "07"]
[TimeControl "180+1"]
[Date "2022.02.08"]
[WhiteClock "0:00:01"]
[BlackClock "0:01:24"]

1. d4 d5 2. Nf3 Nf6 3. c4 c6 4. Nbd2 a6 5. e3 Bg4 6. Be2 e6 7. O-O Bd6 8. h3 Bh5 9. b3 O-O 10. Bb2 Nbd7 11. Ne5 Bxe2 12. Qxe2 Qc7 13. Nxd7 Qxd7 14. e4 dxe4 15. Nxe4 Nxe4 16. Qxe4 f5 17. Qe2 Rae8 18. Rfe1 Bc7 19. Rad1 Qd6 20. Qe5 Qxe5 21. dxe5 Rd8 22. Ba3 Rfe8 23. f4 Rxd1 24. Rxd1 Rd8 25. Rxd8+ Bxd8 26. g3 Bb6+ 27. Kg2 Bd4 28. Kf3 g5 29. Bd6 h6 30. h4 gxh4 31. gxh4 h5 32. Be7 Kf7 33. Bf6 Ke8 34. Ke2 Kd7 35. Kd3 Bf2 36. Bg5 Kc7 37. a3 Bc5 38. b4 Bf2 39. Kc3 Be1+ 40. Kb3 c5 41. bxc5 Kc6 42. Be7 Bd2 43. Bg5 Kxc5 44. Kc2 Be3 45. Kd3 Bc1 46. a4 Kb4 47. Kd4 Bb2+ 48. Kd3 Kxa4 49. Be7 a5 50. Bd8 Kb4 0-1


[Site "https://www.chess.com"]

[Event "Early Titled Tuesday Blitz | February 8 2022"]
[White "Komissarov, Alexey"]
[Black "Carrasco Miranda, Andres"]
[WhiteFideId "4176545"]
[BlackFideId "3405990"]
[WhiteElo "2216"]
[BlackElo "2177"]
[Result "0-1"]
[Round "07"]
[TimeControl "180+1"]
[Date "2022.02.08"]
[WhiteClock "0:00:15"]
[BlackClock "0:02:22"]

1. e4 c5 2. a3 g6 3. b4 Bg7 4. Nc3 cxb4 5. axb4 Nf6 6. Rb1 O-O 7. g3 d5 8. exd5 Nxd5 9. Nxd5 Qxd5 10. Nf3 Qe4+ 11. Be2 Bh3 12. Rb3 Nc6 13. Re3 Qxb4 14. Ng5 Bg2 15. Rg1 Bd5 16. Ba3 Qb6 17. c4 Be6 18. Nxe6 fxe6 19. Bg4 Bd4 20. Bxe6+ Kh8 0-1


[Site "https://www.chess.com"]

[Event "Early Titled Tuesday Blitz | February 8 2022"]
[White "Kopylov, Alexander A."]
[Black "Janaszak, Dawid"]
[WhiteFideId "4164857"]
[BlackFideId "1119206"]
[WhiteElo "2436"]
[BlackElo "2199"]
[Result "1-0"]
[Round "07"]
[TimeControl "180+1"]
[Date "2022.02.08"]
[WhiteClock "0:00:22"]
[BlackClock "0:00:05"]

1. e4 c5 2. Nf3 Nc6 3. d4 cxd4 4. Nxd4 g6 5. Nc3 Bg7 6. Be3 Nf6 7. Nb3 O-O 8. Be2 b6 9. f4 d6 10. g4 Bb7 11. g5 Nh5 12. Bxh5 gxh5 13. Qxh5 d5 14. Nxd5 Na5 15. O-O-O Bxd5 16. Rxd5 Qc7 17. Bd4 Qxf4+ 18. Kb1 Qxe4 19. Bxg7 Qxd5 20. Rd1 Qf5 21. Bxf8 Rxf8 22. Nd4 Qg6 23. Qe2 e6 24. Nf3 Rc8 25. Ne5 Qf5 26. Ng4 Kh8 27. Nh6 Qg6 28. Qe5+ Qg7 29. Nxf7+ Kg8 30. Qxe6 Rf8 31. Nh6+ Kh8 32. b3 Qg6 33. Qe5+ Qg7 34. Qxg7+ Kxg7 35. Rd7+ Kg6 36. h4 Rf1+ 37. Kb2 Rh1 38. Rd6+ Kh5 39. Nf5 Kg4 40. Ne3+ Kf3 41. Nf5 Kf4 42. Rf6 Ke5 43. Rf7 Nc6 44. Ne7 Ke6 45. Rf6+ Kxe7 46. Rxc6 Rxh4 47. Rc7+ Ke6 48. Rxa7 Kf5 49. Rb7 Kxg5 50. Rxb6 h5 51. a4 Rf4 52. Rb7 h4 53. Rh7 Kg6 54. Rh8 Kg7 55. Re8 h3 56. Re2 Rh4 57. Rh2 Kf6 58. c4 Ke5 59. Kc3 Kf4 60. Kb4 Kg3 61. Rh1 Kg2 62. Rd1 h2 63. Rd2+ Kg1 64. Rxh2 Kxh2 65. a5 Kg3 66. Kc5 Kf4 67. b4 Rh5+ 68. Kb6 Ke5 69. c5 Kd5 70. b5 Rh6+ 71. c6 Kc4 72. a6 Rh8 73. a7 Kb4 74. c7 Kc4 75. Kc6 Kb4 76. b6 Ka5 77. b7 Ka6 78. a8=Q+ 1-0


[Site "https://www.chess.com"]

[Event "Early Titled Tuesday Blitz | February 8 2022"]
[White "Kosakowski, Jakub"]
[Black "Potapova, Margarita"]
[WhiteFideId "1185080"]
[BlackFideId "14126869"]
[WhiteElo "2476"]
[BlackElo "2209"]
[Result "1-0"]
[Round "07"]
[TimeControl "180+1"]
[Date "2022.02.08"]
[WhiteClock "0:00:21"]
[BlackClock "0:00:27"]

1. d4 Nf6 2. c4 e6 3. g3 d5 4. Bg2 dxc4 5. Nf3 a6 6. O-O Nc6 7. Nbd2 Nxd4 8. Nxc4 Nxf3+ 9. Bxf3 Qxd1 10. Rxd1 Nd5 11. e4 Nb4 12. Bf4 Be7 13. Bxc7 O-O 14. a3 Nc6 15. e5 Bc5 16. b4 Ba7 17. Be4 f5 18. exf6 gxf6 19. Nb6 Bxb6 20. Bxb6 e5 21. Rd6 Bh3 22. Rad1 Rac8 23. f3 h5 24. Kf2 Kg7 25. Ke3 f5 26. Bb1 f4+ 27. gxf4 exf4+ 28. Kf2 Rfe8 29. Rg1+ Kf7 30. Bg6+ Ke7 31. Bc5 Ne5 32. Bxe8 1-0


[Site "https://www.chess.com"]

[Event "Early Titled Tuesday Blitz | February 8 2022"]
[White "Kostiukov, Alexandr"]
[Black "Przybylski, Wojciech"]
[WhiteFideId "14108100"]
[BlackFideId "1117599"]
[WhiteElo "2202"]
[BlackElo "2133"]
[Result "0-1"]
[Round "07"]
[TimeControl "180+1"]
[Date "2022.02.08"]
[WhiteClock "0:00:02"]
[BlackClock "0:00:06"]

1. g3 e5 2. Bg2 d5 3. c4 c6 4. cxd5 cxd5 5. d4 e4 6. Nc3 Nf6 7. Bg5 Be7 8. Nh3 Nbd7 9. Qb3 Qa5 10. O-O O-O 11. Nf4 Nb6 12. Bxf6 Bxf6 13. Nfxd5 Nxd5 14. Nxd5 Bxd4 15. Rfd1 Bc5 16. Bxe4 Be6 17. Qc3 Qb5 18. Nc7 Qb6 19. Nxa8 Bxf2+ 20. Kg2 Rxa8 21. Rd3 Bc5 22. a3 Be7 23. Rad1 h5 24. b4 h4 25. Qd4 Qc7 26. Bf3 Bf6 27. Qe4 h3+ 28. Kf1 Rb8 29. Qe3 a5 30. b5 Qe7 31. Rc1 g6 0-1


[Site "https://www.chess.com"]

[Event "Early Titled Tuesday Blitz | February 8 2022"]
[White "Kouskoutis, Georgios-Alexandros"]
[Black "Srebrnic, Marko"]
[WhiteFideId "4234049"]
[BlackFideId "14603616"]
[WhiteElo "2130"]
[BlackElo "2340"]
[Result "1-0"]
[Round "07"]
[TimeControl "180+1"]
[Date "2022.02.08"]
[WhiteClock "0:00:06"]
[BlackClock "0:00:17"]

1. c4 g6 2. g3 Bg7 3. Bg2 d6 4. Nc3 Nc6 5. e4 e6 6. Nge2 Nd4 7. Nxd4 Bxd4 8. O-O Ne7 9. Ne2 Bg7 10. d4 O-O 11. f4 c5 12. dxc5 dxc5 13. e5 Rb8 14. Be3 b6 15. Qxd8 Rxd8 16. Rfd1 Ba6 17. b3 Nf5 18. Bf2 h5 19. h3 g5 20. Bf3 h4 21. g4 Ng3 22. Nxg3 hxg3 23. Bxg3 gxf4 24. Bxf4 Rd4 25. Rxd4 cxd4 26. Rd1 Rd8 27. g5 Bf8 28. a4 Bc5 29. Be4 Rd7 30. Kg2 Bb7 31. Kf3 a6 32. h4 b5 33. axb5 axb5 34. h5 bxc4 35. bxc4 Ba6 36. Ra1 Bb7 37. Bxb7 Rxb7 38. Ra8+ Kh7 39. Rc8 Bb4 40. Ke4 Rd7 41. Kd3 Be7 42. c5 Ra7 43. c6 Ra3+ 44. Kxd4 Ra4+ 45. Ke3 Bc5+ 46. Kf3 Ra3+ 47. Kg4 Ra4 48. c7 Be3 49. g6+ fxg6 50. hxg6+ Kg7 51. Rg8+ Kxg8 52. c8=Q+ Kg7 53. Qd7+ Kxg6 54. Qxa4 1-0


[Site "https://www.chess.com"]

[Event "Early Titled Tuesday Blitz | February 8 2022"]
[White "Kovanova, Baira"]
[Black "Al Hosani, Omran"]
[WhiteFideId "4164083"]
[BlackFideId "9308733"]
[WhiteElo "2190"]
[BlackElo "2246"]
[Result "1-0"]
[Round "07"]
[TimeControl "180+1"]
[Date "2022.02.08"]
[WhiteClock "0:00:14"]
[BlackClock "0:00:05"]

1. e4 e5 2. Nf3 Nc6 3. Bb5 a6 4. Ba4 Nf6 5. O-O Nxe4 6. d4 b5 7. Bb3 d5 8. dxe5 Be6 9. Qe2 Be7 10. Be3 O-O 11. Rd1 Na5 12. Nd4 c5 13. Nxe6 fxe6 14. c3 Bg5 15. f3 Bxe3+ 16. Qxe3 Qg5 17. Qe2 c4 18. fxe4 cxb3 19. exd5 exd5 20. Nd2 Rae8 21. Nf3 Qg4 22. axb3 Nxb3 23. Rxa6 Nc5 24. Rd6 Ne4 25. R6xd5 Ng5 26. Rf1 Nh3+ 27. Kh1 Nf4 28. Qd2 Nxd5 29. Qxd5+ Kh8 30. Qxb5 Re6 31. Qc5 Ree8 32. b4 Rc8 33. Qd4 Qg6 34. Re1 Rcd8 35. Qc5 Rfe8 36. Nd4 Rc8 37. Qd5 Rxc3 38. e6 Re3 39. Rf1 Qf6 40. Rg1 Rd3 41. Qb5 Rd8 42. Qxd3 Rxd4 43. e7 Qxe7 44. Qxd4 h6 45. b5 Qb7 46. b6 Qc6 47. h3 Qb7 48. Rc1 Kh7 49. Rc7 Qa6 50. Qxg7# 1-0


[Site "https://www.chess.com"]

[Event "Early Titled Tuesday Blitz | February 8 2022"]
[White "Krzywda, Andrzej"]
[Black "Shton, Roman"]
[WhiteFideId "1114565"]
[BlackFideId "14137461"]
[WhiteElo "2098"]
[BlackElo "2038"]
[Result "1-0"]
[Round "07"]
[TimeControl "180+1"]
[Date "2022.02.08"]
[WhiteClock "0:00:08"]
[BlackClock "0:00:20"]

1. e4 Nf6 2. e5 Nd5 3. d4 d6 4. Nf3 Bg4 5. Be2 c6 6. Ng5 Bf5 7. Bg4 Bxg4 8. Qxg4 dxe5 9. dxe5 e6 10. O-O Nd7 11. Re1 Qc7 12. f4 Bc5+ 13. Kh1 h6 14. Ne4 g6 15. c4 N5b6 16. Be3 Bxe3 17. Nd6+ Kf8 18. Rxe3 Nc8 19. Ne4 Kg7 20. Nbc3 Ne7 21. Nd6 Nf5 22. Nxf5+ exf5 23. Qe2 Nc5 24. g4 fxg4 25. Qxg4 h5 26. Qg5 Qd8 27. Qg2 Qd4 28. Rf3 Rae8 29. Rg1 Qxc4 30. f5 Rxe5 31. fxg6 f6 32. Qf2 Nd3 33. Qxa7 Re7 34. Nd1 Ne5 35. Rf2 Qe4+ 36. Rfg2 Nf3 37. Nf2 Qd5 38. Rd1 Qb5 39. Qa3 Qe5 40. Qxf3 h4 41. Rdg1 Rh6 42. Nh3 Qe4 43. Qxe4 Rxe4 44. b3 Re3 45. Nf4 Rh8 46. Re2 Rhe8 47. Rxe3 Rxe3 48. Nh5+ Kg8 49. Nxf6+ Kg7 50. Nh5+ Kg8 51. g7 Re2 52. Nf6+ Kf7 53. g8=Q+ Kxf6 54. Qg7+ Ke6 55. Qh6+ Kd5 56. Qh5+ Kd4 57. Qxe2 Kc3 58. Rd1 c5 59. Qd2# 1-0


[Site "https://www.chess.com"]